 Dungeon Crawl Stone Soup version 0.28-a0-206-gc2c9e32840 (webtiles) character file.

Game seed: 2103311875919782397

20 Jamsdnucbuo the Charlatan (level 2, -1/14 (21) HPs)
             Began as a Demonspawn Artificer on Aug 20, 2021.
             Slain by a hobgoblin (4 damage)
             ... on level 1 of the Dungeon.
             The game lasted 00:00:58 (909 turns).

Jamsdnucbuo the Charlatan (Demonspawn Artificer)     Turns: 909, Time: 00:00:59

HP:   -1/14 (21)    AC:  3    Str: 12    XL:     2   Next: 58%
MP:   2/2           EV: 11    Int: 12    God:
Gold: 16            SH:  0    Dex: 13    Spells: 1/1 levels left

rFire   . . .      SeeInvis .   a - +0 club
rCold   . . .      Faith    .   (no shield)
rNeg    . . .      Spirit   .   b - +0 leather armour
rPois   .          Reflect  .   (no helmet)
rElec   .          Harm     .   (no cloak)
rCorr   .          Rampage  .   (no gloves)
Will    .....                   (no boots)
Stlth   +.........              (no amulet)
HPRegen 0.04/turn               (no ring)
MPRegen 0.08/turn               (no ring)

@: very heavily drained
A: claws 1
a: no special abilities


You were on level 1 of the Dungeon.
You visited 1 branch of the dungeon, and saw 1 of its levels.

You collected 16 gold pieces.

Inventory:

Hand Weapons
 a - a +0 club (weapon)
 c - a +1 dagger of draining
Armour
 b - a +0 leather armour (worn)
Wands
 d - a wand of charming (15)
Potions
 f - a potion of ambrosia {unknown}
 g - a potion of flight {unknown}
Miscellaneous
 e - a piece from Xom's chessboard (15/15)


   Skills:
 + Level 1.0 Fighting
 + Level 2.0 Armour
 + Level 0.9 Dodging
 + Level 0.8 Stealth
 + Level 3.7 Evocations


You had one spell level left.
You didn't know any spells.
Your spell library was empty.

Dungeon Overview and Level Annotations

Branches:
Dungeon (1/15)

Altars:


Innate Abilities, Weirdness & Mutations

You have sharp fingernails.


Message History

The kobold hits you but does no damage. The hobgoblin closely misses you.
The kobold completely misses you.
You closely miss the kobold.
The kobold is severely wounded.
The kobold hits you but does no damage. The hobgoblin hits you.
The kobold closely misses you. The kobold hits you with a +0 whip.
* * * LOW HITPOINT WARNING * * *
Unknown command.
You hit the kobold but do no damage.
The kobold is severely wounded.
The hobgoblin hits you but does no damage.
The kobold closely misses you. The kobold hits you but does no damage.
The hobgoblin closely misses you. The kobold hits you but does no damage.
You feel drained.
You hit the kobold.
You kill the kobold!
The kobold barely misses you. The hobgoblin barely misses you.
The kobold misses you. The hobgoblin closely misses you.
Things that are here:
a +1 dagger of draining; 3 stones
c - a +1 dagger of draining The kobold barely misses you.
The hobgoblin misses you.
You hit the kobold but do no damage. The kobold barely misses you.
The hobgoblin closely misses you. The kobold closely misses you.
You hit the kobold.
You kill the kobold!
The hobgoblin closely misses you.
The hobgoblin hits you but does no damage.
Things that are here:
a +0 whip; 3 stones; a kobold corpse You hit the hobgoblin.
The hobgoblin is severely wounded.
The hobgoblin barely misses you.
You closely miss the hobgoblin.
The hobgoblin is severely wounded.
The hobgoblin closely misses you.
You barely miss the hobgoblin.
The hobgoblin is severely wounded.
The hobgoblin hits you.
You die...

#........'...# ##.
#........###.# ..
#..........#.# .#
#####......#.##.#
#
#8..♣.....∩..8#.#
#.............#.#
#...............#
#.∩.._..∩..∩..∩.##
#...........g@.##
..............#
∩.....8..∩......
..............###
.............#
.∩..∩.....8.#
..........##
..........#


You could see a hobgoblin.

Vanquished Creatures
  A bat (D:1)
  2 endoplasms (D:1)
  A goblin (D:1)
  2 hobgoblins (D:1)
  4 jackals (D:1)
  3 kobolds (D:1)
  A frilled lizard (D:1)
  3 rats (D:1)
17 creatures vanquished.

Notes
Turn   | Place    | Note
-------+----------+-------------------------------------------
     0 | D:1      | Jamsdnucbuo the Demonspawn Artificer began the quest for
                  | the Orb.
     0 | D:1      | Reached XP level 1. HP: 15/15 MP: 1/1
   307 | D:1      | Gained mutation: You have sharp fingernails. [demonic
                  | ancestry]
   307 | D:1      | Reached XP level 2. HP: 6/21 MP: 2/2
   886 | D:1      | Found a faded altar of an unknown god.
   909 | D:1      | Slain by a hobgoblin

Illustrated notes

Levels and vault maps discovered:
D:1:      dpeg_arrival_short_road, layout_basic,
          hellmonk_ecumenical_altar_arch_garden

Skill      XL: |  1 |
---------------+----+-----
Armour         | 2 |  2.0
Fighting       | |  1.0
Dodging        | |  0.9
Stealth        | |  0.8
Evocations     | |  3.7

Action                   || total
-------------------------++-------
Melee: Club              ||    47
Evoke: Wand              ||    15
Armor: Leather armour    ||    25
Dodge: Dodged            ||    70

Table legend: (Time is in decaauts)
 A = Elapsed time spent in this place.
 B = Non-inter-level travel time spent in this place.
 C = Inter-level travel time spent in this place.
 D = Time resting spent in this place.
 E = Time spent auto-exploring this place.
 F = Levels seen in this place.
 G = Mean time per level.
                   A        B        C        D        E       F      G
               +--------+--------+--------+--------+--------+-----+--------+
         Total |    922 |    922 |      0 |      0 |    799 |   1 |  922.0 |
       Dungeon |    922 |    922 |      0 |      0 |    799 |   1 |  922.0 |
               +--------+--------+--------+--------+--------+-----+--------+

Top non-repeatable levels by time:
     D:1: 922 daAuts
